 Dungeon Crawl Stone Soup version 0.28-a0-816-gb054d885db (webtiles) character file.

Game seed: 11339664581814469515

52 funkygono the Firebug (level 3, 0/19 HPs)
             Began as a Gargoyle Fire Elementalist on Nov 8, 2021.
             Slain by an adder (4 damage)
             ... on level 2 of the Dungeon.
             The game lasted 00:02:43 (1539 turns).

funkygono the Firebug (Gargoyle Fire Elementalist)  Turns: 1539, Time: 00:02:44

Health: 0/19       AC:  5    Str: 11    XL:     3   Next: 85%
Magic:  0/6        EV: 12    Int: 16    God:
Gold:   20         SH:  0    Dex: 10    Spells: 4/7 levels left

rFire   . . .      SeeInvis .   g - +0 whip
rCold   . . .      Faith    .   (no shield)
rNeg    + . .      Spirit   .   a - +0 robe
rPois   ∞          Reflect  .   (no helmet)
rElec   +          Harm     .   (no cloak)
rCorr   .          Rampage  .   (no gloves)
Will    .....                   (no boots)
Stlth   ++........              (no amulet)
HPRegen 0.06/turn               (no ring)
MPRegen 0.10/turn               (no ring)

@: no status effects
A: sickness immunity, AC +3, negative energy resistance 1, electricity
resistance, torment resistance 1, petrification resistance
a: no special abilities


You were on level 2 of the Dungeon.
You visited 1 branch of the dungeon, and saw 2 of its levels.

You collected 20 gold pieces.

Inventory:

Hand Weapons
 g - a +0 whip (weapon)
Missiles
 h - 22 stones
Armour
 a - a +0 robe (worn)
 b - a scarf of shadows
 c - a +0 kite shield
Scrolls
 e - a scroll of identify {unknown}
 f - a scroll of torment {unknown}


   Skills:
 + Level 1.7 Dodging
 - Level 2.1 Stealth
 * Level 2.6 Spellcasting
 * Level 1.9 Conjurations
 * Level 3.8 Fire Magic


You had 4 spell levels left.
You knew the following spells:

 Your Spells              Type           Power      Damage    Failure   Level
a - Foxfire               Conj/Fire      44%        2x1d6     6%          1
b - Scorch                Fire           28%        2d6       6%          2

Your spell library contained the following spells:

 Spells                   Type           Power      Damage    Failure   Level
 Conjure Flame            Conj/Fire      11%        6-21      19%         3
 Inner Flame              Hex/Fire       8%         N/A       26%         3
 Flame Wave               Conj/Fire      11%        3d4       52%         4


Dungeon Overview and Level Annotations

Branches:
Dungeon (2/15)

Altars:


Innate Abilities, Weirdness & Mutations

You are immune to sickness and miasma.
Your stone body is resilient. (AC +3)
You are immune to poison.
You resist negative energy. (rN+)
You are resistant to electric shocks. (rElec)
You are resistant to unholy torment.
You are immune to petrification.


Message History

The adder is severely wounded.
The adder misses you. The adder bites you.
Casting: Scorch (safe; 6% risk of failure)
Confirm with . or Enter, or press ? or * to list all spells.
You conjure some foxfire!
The adder bites you.
You barely miss the adder.
The adder is heavily wounded.
The foxfire hits the adder.
The adder is almost dead.
The adder bites you.
The foxfire hits the adder.
The adder is almost dead.
The adder closely misses you.
You closely miss the adder.
The adder is almost dead.
The adder bites you.
Your magical contamination has completely faded away.
You miss the adder.
The adder is almost dead.
The adder bites you but does no damage.
You miss the adder.
The adder is almost dead.
The adder closely misses you. The adder bites you.
* * * LOW HITPOINT WARNING * * *
You barely miss the adder.
The adder is almost dead.
The adder barely misses you.
Casting: Foxfire (safe; 6% risk of failure)
Confirm with . or Enter, or press ? or * to list all spells.
You conjure some foxfire!
The adder closely misses you. The adder misses you.
You closely miss the adder.
The adder is severely wounded.
The foxfire hits the adder.
The adder is almost dead.
The adder completely misses you.
The foxfire hits the adder but does no damage.
The adder is almost dead.
You closely miss the adder.
The adder is almost dead.
The adder bites you.
You die...

.. ..... .....$ #
....#.##### ###.#
$.........# #..)
#.........###..#
#.........##..###.##
#.........§.S.......
#..........@#§§....#
#..>...†<..§§.....[#
#..........##......#
..........[.........
...#.....###...###..
## #.....# ##.. .
........ ##.
......... ..
###....#..


You could see an adder.

Vanquished Creatures
  An adder (D:2)
  3 dart slugs (D:1)
  4 endoplasms (D:1)
  A giant cockroach (D:1)
  5 hobgoblins (D:1)
  3 quokkas (D:1)
  4 ball pythons
  3 bats
  2 frilled lizards (D:1)
  A goblin (D:1)
  3 kobolds (D:1)
  7 rats (D:1)
37 creatures vanquished.

Vanquished Creatures (others)
  106 foxfires
106 creatures vanquished.

Grand Total: 143 creatures vanquished

Notes
Turn   | Place    | Note
-------+----------+-------------------------------------------
     0 | D:1      | funkygono the Gargoyle Fire Elementalist began the quest
                  | for the Orb.
     0 | D:1      | Reached XP level 1. HP: 10/10 MP: 3/3
   184 | D:1      | Reached XP level 2. HP: 15/15 MP: 0/5
   187 | D:1      | Learned a level 2 spell: Scorch
   580 | D:1      | Reached XP level 3. HP: 19/19 MP: 0/6
  1539 | D:2      | Slain by an adder

Illustrated notes

Levels and vault maps discovered:
D:1:      amcnicky_arrival_wind_blow, layout_loops_ring
D:2:      layout_rooms, hellmonk_ecumenical_altar_blasted, minivault_19

Action                   || total
-------------------------++-------
Melee: Whip              ||    13
       Unarmed           ||     1
 Cast: Foxfire           ||    62
       Scorch            ||     6
  Use: Scroll            ||     1
Armor: Robe              ||     5
Dodge: Dodged            ||    22

Table legend: (Time is in decaauts)
 A = Elapsed time spent in this place.
 B = Non-inter-level travel time spent in this place.
 C = Inter-level travel time spent in this place.
 D = Time resting spent in this place.
 E = Time spent auto-exploring this place.
 F = Levels seen in this place.
 G = Mean time per level.
                   A        B        C        D        E       F      G
               +--------+--------+--------+--------+--------+-----+--------+
         Total |   1539 |   1498 |     41 |      0 |   1218 |   2 |  769.5 |
       Dungeon |   1539 |   1498 |     41 |      0 |   1218 |   2 |  769.5 |
               +--------+--------+--------+--------+--------+-----+--------+

Top non-repeatable levels by time:
     D:1: 1451 daAuts
     D:2: 88 daAuts
